 Dungeon Crawl Stone Soup version 0.31.0-32-g396128a36d (webtiles) character file.

Game seed: 12471357961492065259

11 frostburnice the Digger (level 2, 0/15 HPs)
             Began as a Deep Elf Earth Elementalist on Apr 11, 2024.
             Succumbed to an adder's poison
             ... on level 3 of the Dungeon.
             The game lasted 00:01:58 (200 turns).

frostburnice the Digger (DEEE)                       Turns: 200, Time: 00:01:59

Health: 0/15       AC:  2    Str:  5    XL:     2   Next: 17%
Magic:  6/8        EV: 12    Int: 19    God:
Gold:   18         SH:  0    Dex: 15    Spells: 6/7 levels left

rFire   + . .        c - staff of fire
rCold   . . .        (no shield)
rNeg    . . .        a - +0 robe
rPois   .            (no helmet)
rElec   .            (no cloak)
rCorr   .            (no gloves)
SInv    .            (no boots)
Will    .....        (no amulet)
Stlth   ++           (no ring)
HPRegen 0.22/turn    (no ring)
MPRegen 0.11/turn

%: no passive effects
@: lethally poisoned (0 -> -2)
A: no striking features
a: no special abilities


You were on level 3 of the Dungeon.
You visited 1 branch of the dungeon, and saw 3 of its levels.

You collected 18 gold pieces.

Inventory:

Armour
 a - a +0 robe (worn)
Magical Staves
 c - a staff of fire (weapon)
Scrolls
 d - a scroll of enchant weapon {unknown}
Potions
 b - a potion of magic


   Skills:
 + Level 2.6 Dodging
 + Level 2.7 Stealth
 + Level 3.2 Spellcasting
 + Level 1.4 Conjurations
 + Level 3.4 Earth Magic


You had 6 spell levels left.
You knew the following spells:

 Your Spells              Type           Power      Damage    Failure   Level
a - Sandblast             Erth           32%        2d9       3%          1

Your spell library contained the following spells:

 Spells                   Type           Power      Damage    Failure   Level
 Passwall                 Erth           16%        N/A       11%         3
 Stone Arrow              Conj/Erth      24%        3d8       16%         3
 Brom's Barrelling Bould  Conj/Erth      12%        2d4       47%         4
 Petrify                  Alch/Erth      9%         N/A       58%         4


Dungeon Overview and Level Annotations

Branches:
Dungeon (3/15)

Altars:


Message History

The shaft crumbles and collapses.
Found 7 gold pieces.
Found a stone staircase leading down.
A ribbon worm comes into view.
A goblin and an adder come into view.
The blast of sand hits the goblin!
You kill the goblin!
The adder hisses angrily.
The blast of sand hits the adder!
The adder is severely wounded.
You barely miss the adder.
The adder is severely wounded.
The adder bites you. The adder closely misses you.
You closely miss the adder.
The adder is severely wounded.
The adder bites you.
You are poisoned.
The adder poisons you!
You barely miss the adder.
The adder is severely wounded.
You feel sick. The adder bites you but does no damage. The adder bites you.
You are lethally poisoned!
The adder poisons you!
You hit the adder.
You kill the adder!
* * * LOW HITPOINT WARNING * * *
You feel sick.
You have reached level 2!
You are too injured to fight recklessly!
You are too injured to fight recklessly!
You are too injured to fight recklessly!
You hit the ribbon worm but do no damage.
* * * LOW HITPOINT WARNING * * *
You feel sick. The ribbon worm completely misses you.
You barely miss the ribbon worm.
* * * LOW HITPOINT WARNING * * *
You feel sick. The ribbon worm closely misses you.
You hit the ribbon worm.
The ribbon worm is lightly wounded.
You die...

.. .. #.#.#### #..
..#. #.#.# ....#
... #.#.. .........
#.### ...>.#.# #.#
#. .... #.# ###..
#.#########.#
......#...........#
.....$w@.##########
............)....
......##..#######
...... ##.# .....
#.. ..... ##.. ....
..# .... ... .###


You could see a ribbon worm.

Vanquished Creatures
  An adder (D:3)
  A ball python (D:1)
  A goblin (D:3)
3 creatures vanquished.

Notes
Turn   | Place    | Note
-------+----------+-------------------------------------------
     0 | D:1      | frostburnice the Deep Elf Earth Elementalist began the
                  | quest for the Orb.
     0 | D:1      | Reached XP level 1. HP: 10/10 MP: 6/6
   139 | D:2      | You fall into a shaft and drop 1 floor!
   198 | D:3      | Reached XP level 2. HP: 3/15 MP: 6/8
   200 | D:3      | Succumbed to an adder's poison

Illustrated notes

Levels and vault maps discovered:
D:1:      dpeg_arrival_three_same_balls, layout_loops_corners,
          ebering_ecumenical_altar_sacrificial
D:2:      layout_rooms, serial_glass, glass_columns_a, glass_columns_a
D:3:      layout_basic, hellmonk_guarded_unrand_hermit, uniq_robin, uniq_natasha

Action                     || total
---------------------------++-------
  Melee: Staff             ||     7
   Cast: Sandblast         ||     3
 Armour: Robe              ||     4
  Dodge: Dodged            ||     3
